 Dungeon Crawl Stone Soup version 0.29.1-1-gd02db6906a (webtiles) character file.

Game seed: 12498314951768920361

14 Hadkhar the Shooter (level 2, 0/22 HPs)
             Began as a Human Hunter on Sept 17, 2022.
             Slain by an endoplasm (1 damage)
             ... on level 1 of the Dungeon.
             The game lasted 00:11:27 (779 turns).

Hadkhar the Shooter (Human Hunter)                   Turns: 779, Time: 00:11:27

Health: 0/22       AC:  1    Str: 11    XL:     2   Next: 60%
Magic:  2/2        EV: 12    Int:  9    God:
Gold:   33         SH:  0    Dex: 16    Spells: 1/1 levels left

rFire   . . .      SeeInvis .   a - +0 shortbow
rCold   . . .      Faith    .   (shield currently unavailable)
rNeg    . . .      Spirit   .   (no body armour)
rPois   .          Reflect  .   (no helmet)
rElec   .          Harm     .   f - +0 cloak
rCorr   .          Rampage  .   (no gloves)
Will    .....                   (no boots)
Stlth   ++........              (no amulet)
HPRegen 0.07/turn               (no ring)
MPRegen 0.08/turn               (no ring)

@: no status effects
A: no striking features
a: no special abilities


You were on level 1 of the Dungeon.
You visited 1 branch of the dungeon, and saw 1 of its levels.

You collected 33 gold pieces.

Inventory:

Hand Weapons
 a - a +0 shortbow (weapon)
 e - a +0 dagger of venom
Armour
 c - a +0 leather armour
 f - a +0 cloak (worn)
Scrolls
 b - a scroll of immolation
 d - a scroll of blinking {unknown}
 h - a scroll of identify {unknown}
Potions
 g - a potion of haste {unknown}


   Skills:
 + Level 2.2 Fighting
 + Level 0.1 Short Blades
 * Level 4.2 Ranged Weapons
 + Level 0.0 Armour
 + Level 2.2 Dodging
 + Level 1.3 Stealth


You had one spell level left.
You didn't know any spells.
Your spell library contained the following spells:

 Spells                   Type           Power      Damage    Failure   Level
 Magic Dart               Conj           0%         1d3       38%         1
 Searing Ray              Conj           0%         2d4       52%         2
 Fulminant Prism          Conj/Hex       0%         3d6       99%         4


Dungeon Overview and Level Annotations

Branches:
Dungeon (1/15)

Altars:


Message History

The ball python is severely wounded.
The ball python bites you. The ball python constricts you.
Fire: a) +0 shortbow
Press: ? - help, Q - select action Shift-Dir - straight line, f/p - ball python
Aim: a ball python (severely wounded, constricting you, 60% to hit)
You shoot an arrow.
The arrow closely misses the ball python.
The arrow hits the goblin.
The goblin is heavily wounded.
The ball python bites you. The ball python constricts you.
An endoplasm comes into view.
The ball python bites you. The ball python constricts you.
Fire: a) +0 shortbow
Press: ? - help, Q - select action Shift-Dir - straight line, f/p - ball python
Aim: a ball python (severely wounded, constricting you, 60% to hit)
You shoot an arrow. The arrow hits the ball python.
You kill the ball python!
The goblin hits you with a +0 club.
An endoplasm comes into view.
The goblin attacks as you move away! The goblin hits you with a +0 club.
* * * LOW HITPOINT WARNING * * *
The goblin attacks as you move away! The goblin closely misses you.
Fire: a) +0 shortbow
Press: ? - help, Q - select action Shift-Dir - straight line, f - goblin
Aim: a goblin, wielding a +0 club (heavily wounded, 56% to hit)
You shoot an arrow. The arrow hits the goblin.
The goblin is severely wounded.
The goblin hits you with a +0 club.
* * * LOW HITPOINT WARNING * * *
Fire: a) +0 shortbow
Press: ? - help, Q - select action Shift-Dir - straight line, f/p - goblin
Aim: a goblin, wielding a +0 club (severely wounded, 56% to hit)
You shoot an arrow. The arrow hits the goblin.
The goblin is almost dead.
The goblin closely misses you. The goblin attacks as you move away!
The goblin closely misses you. The endoplasm attacks as you move away!
The endoplasm hits you.
* * * LOW HITPOINT WARNING * * *
The endoplasm attacks as you move away! The endoplasm hits you.
You die...

##.#.###.#...(.##.....##
#.#...#...............##.?#
#...#..................##.##
###.###................##.. .
#....................##.. .. ##
####.................##.# ... .#
##................##.# .... .#
#..).............##.#..... .#
##.......@gK.J......†.....
.#########.....##J.....###.#.....
.....†..............#### #.# ....
.......###########.## #J# ...
.##...### .... ... .. .........
...... #.# . .......## ........
... #......### ......... ...
.....#....


You could see 2 endoplasms, a goblin and a kobold.

Vanquished Creatures
  3 hobgoblins (D:1)
  4 ball pythons (D:1)
  A bat (D:1)
  5 goblins (D:1)
  A kobold (D:1)
14 creatures vanquished.

Notes
Turn   | Place    | Note
-------+----------+-------------------------------------------
     0 | D:1      | Hadkhar the Human Hunter began the quest for the Orb.
     0 | D:1      | Reached XP level 1. HP: 16/16 MP: 1/1
   322 | D:1      | Found a faded altar of an unknown god.
   415 | D:1      | Reached XP level 2. HP: 12/22 MP: 2/2
   777 | D:1      | HP: 1/22 [endoplasm (2)]
   779 | D:1      | Slain by an endoplasm

Illustrated notes

Levels and vault maps discovered:
D:1:      reono_arrival_mine, layout_rooms, ebering_ecumenical_altar_mist,
          minmay_tetromino_l2

Action                   || total
-------------------------++-------
 Fire: Shortbow          ||    42
Dodge: Dodged            ||    13
